 Dungeon Crawl Stone Soup version 0.23-a0-389-g4a5eb33 (webtiles) character file.

7 Gildeon the Grave Robber (level 1, 0/13 HPs)
             Began as a Mummy Necromancer on Oct 29, 2018.
             Slain by a hobgoblin
             ... wielding a +0 club
              (3 damage)
             ... on level 1 of the Dungeon.
             The game lasted 00:01:54 (86 turns).

Gildeon the Grave Robber (Mummy Necromancer)          Turns: 86, Time: 00:01:54

Health: 0/13       AC:  2    Str: 11    XL:     1   Next: 83%
Magic:  0/4        EV: 12    Int: 14    God:
Gold:   0          SH:  0    Dex: 12    Spells: 4/6 levels left

rFire    x . .     SeeInvis .   (no weapon)
rCold    + . .     Gourm    .   (no shield)
rNeg     + + +     Faith    .   a - +0 robe
rPois    ∞         Spirit   .   (no helmet)
rElec    .         Reflect  .   (no cloak)
rCorr    .         Harm     .   (no gloves)
MR       .....                  (no boots)
Stlth    ++........             (no amulet)
HPRegen  0.04/turn              (no ring)
MPRegen  0.09/turn              (no ring)

@: very slightly contaminated
A: no food or potions, fire vulnerability, cold resistance 1, negative energy
resistance 3, torment resistance, unbreathing
a: no special abilities


You were on level 1 of the Dungeon.
You were not hungry.

You visited 1 branch of the dungeon, and saw 1 of its levels.

Inventory:

Armour
 a - a +0 robe (worn)
Scrolls
 b - a scroll of teleportation {unknown}


   Skills:
 - Level 1.5 Dodging
 - Level 1.5 Stealth
 + Level 3.1 Spellcasting
 + Level 4.2 Necromancy


You had 4 spell levels left.
You knew the following spells:

 Your Spells              Type           Power        Failure   Level  Hunger
a - Pain                  Necr           ##..         3%          1    N/A
b - Animate Skeleton      Necr           N/A          3%          1    N/A

Your spell library contained the following spells:

 Spells                   Type           Power        Failure   Level  Hunger
 Vampiric Draining        Necr           ##........   12%         3    N/A
 Animate Dead             Necr           N/A          36%         4    N/A
 Regeneration             Chrm/Necr      Unusable     N/A         3    N/A

Dungeon Overview and Level Annotations

Branches:
Dungeon (1/15)

Altars:


Innate Abilities, Weirdness & Mutations

You do not eat or drink.
Your flesh is vulnerable to fire.
You are immune to poison.
Your flesh is cold resistant. (rC+)
You are immune to negative energy. (rN+++)
You are immune to unholy pain and torment.
You can survive without breathing.


Message History

Aim: a leopard gecko (heavily wounded, chance to defeat MR: 83%)
The leopard gecko barely resists.
Your jackal skeleton bites the leopard gecko.
The leopard gecko closely misses you. The hobgoblin hits you with a +0 club.
* * * LOW HITPOINT WARNING * * *
Casting: Pain (safe; 3% risk of failure)
Confirm with . or Enter, or press ? or * to list all spells.
Aiming: Pain (safe; 3% risk of failure)
Press: ? - help, Shift-Dir - straight line, f/p - leopard gecko
Aim: a leopard gecko (almost dead, chance to defeat MR: 83%)
The leopard gecko writhes in agony!
You kill the leopard gecko!
Your jackal skeleton misses the hobgoblin.
Casting: Pain (safe; 3% risk of failure)
Confirm with . or Enter, or press ? or * to list all spells.
You don't have enough magic to cast that spell.
Unknown command.
Your jackal skeleton bites the hobgoblin but does no damage.
The hobgoblin hits you with a +0 club.
You die...

#.............## #.
#..............# #.
#..............#
#####.####...........##.#
......g.##.......####.....
.................# ......
.................# .......
............Zg...# .......
............K@...## ....
g.......#†........#
##................#
#................#
#................#
#................#
########.........#
##........# ######.#.#


You could see a hobgoblin, a goblin, a kobold and a friendly jackal skeleton.

Vanquished Creatures
  A leopard gecko (D:1)
  3 jackals (D:1)
  A bat (D:1)
5 creatures vanquished.

Vanquished Creatures (collateral kills)
  A rat (D:1)
1 creature vanquished.

Grand Total: 6 creatures vanquished

Notes
Turn   | Place    | Note
-------+----------+-------------------------------------------
     0 | D:1      | Gildeon the Mummy Necromancer began the quest for the Orb.
     0 | D:1      | Reached XP level 1. HP: 13/13 MP: 4/4
     3 | D:1      | Learned a level 1 spell: Animate Skeleton
    86 | D:1      | Slain by a hobgoblin

Vault maps used:
D:1:      minmay_arrival_plants_in_alcoves

Skill      XL: |  1 |
---------------+----+-----
Spellcasting   | 3 |  3.1
Dodging        | |  1.5
Stealth        | |  1.5
Necromancy     | |  4.2

Action                   || total
-------------------------++-------
Melee: Unarmed           ||    10
 Cast: Pain              ||     8
       Animate Skeleton  ||     1
Armor: Robe              ||     6
Dodge: Dodged            ||     8

Table legend:
 A = Non-vault XP
 B = Vault XP
 C = Vault XP percentage of total XP
 D = Non-vault monster count
 E = Vault monster count
 F = Vault count percentage of total count
                 A         B        C        D         E       F
            +---------+---------+-------+---------+---------+-------
      Total |      10 |       0 |   0.0 |       6 |       0 |   0.0
            +---------+---------+-------+---------+---------+-------
        D:1 |      10 |       0 |   0.0 |       6 |       0 |   0.0
            +---------+---------+-------+---------+---------+-------
